 Dungeon Crawl Stone Soup version 0.32-a0-996-gb3226c233f (webtiles) character file.

Game seed: 18202099063542300031

59 Twinkles the Magician (level 3, -2/26 HPs)
             Began as a Mummy Ice Elementalist on Apr 22, 2024.
             Incinerated by a bombardier beetle (7 damage)
             ... with a burning spray
             ... on level 3 of the Dungeon.
             The game lasted 00:04:44 (1902 turns).

Twinkles the Magician (Mummy Ice Elementalist)      Turns: 1902, Time: 00:04:45

Health: -2/26      AC:  2    Str: 11    XL:     3   Next: 78%
Magic:  6/8        EV: 11    Int: 16    God:
Gold:   115        SH:  0    Dex: 12    Spells: 9/10 levels left

rFire   x . .        b - +0 short sword
rCold   + . .        (no shield)
rNeg    + + +        a - +0 robe
rPois   ∞            (no helmet)
rElec   .            (no cloak)
rCorr   .            (no gloves)
SInv    .            (no boots)
Will    .....        (no amulet)
Stlth   +            c - ring of flight
HPRegen 0.24/turn    (no ring)
MPRegen 0.11/turn

%: faith
@: on fire, flying, glowing
A: cold resistance 1, negative energy resistance 3, torment resistance 2, heat
vulnerability 1, in touch with death 1, no potions, faith
a: no special abilities


You were on level 3 of the Dungeon.
You visited 1 branch of the dungeon, and saw 3 of its levels.

You collected 115 gold pieces.

Inventory:

Hand Weapons
 b - a +0 short sword (weapon)
 g - a +0 morningstar of holy wrath
Armour
 a - a +0 robe (worn)
Jewellery
 c - a ring of flight (left hand)
Wands
 e - a wand of charming (4)
Scrolls
 d - a scroll of fog {unknown}
 f - 3 scrolls of identify {unknown}


   Skills:
 + Level 1.4 Fighting
 + Level 2.1 Dodging
 - Level 1.5 Stealth
 * Level 4.1 Spellcasting
 - Level 3.2 Ice Magic


You had 9 spell levels left.
You knew the following spells:

 Your Spells              Type           Power      Damage    Failure   Level
a - Freeze                Ice            52%        1d6       4%          1

Your spell library contained the following spells:

 Spells                   Type           Power      Damage    Failure   Level
 Frozen Ramparts          Ice            26%        1d4       13%         3
 Ozocubu's Armour         Ice            13%        N/A       13%         3
 Kiss of Death            Conj/Necr      20%        2d7       17%         1
 Summon Small Mammal      Summ           12%        N/A       17%         1
 Summon Ice Beast         Ice/Summ       8%         N/A       26%         3
 Confusing Touch          Hex            3%         N/A       45%         3
 Dispel Undead            Necr           5%         3d7       86%         4
 Petrify                  Alch/Erth      3%         N/A       86%         4
 Summon Blazeheart Golem  Fire/Summ      3%         N/A       86%         4
 Dragon's Call            Summ           1%         N/A       100%        9


Dungeon Overview and Level Annotations

Branches:
Dungeon (3/15) Zot: 16099

Altars:
Cheibriados

Shops:
D:1 (


Innate Abilities, Weirdness & Mutations

You are immune to poison.
Your flesh is cold resistant. (rC+)
You are immune to negative energy. (rN+++)
You are immune to unholy pain and torment.
You are vulnerable to heat. (rF-)
You are in touch with the powers of death.
You do not drink.
You have a special connection with the divine. (Faith)


Message History

Aim: a bombardier beetle You freeze the bombardier beetle.
The bombardier beetle is moderately wounded.
The bombardier beetle bites you but does no damage.
Aiming: Freeze (safe; 4% risk of failure)
Press: ? - help, Q - select action, (/) - cycle Shift-Dir - straight line, f/p - bombardier beetle
Aim: a bombardier beetle (lightly wounded)
You freeze the bombardier beetle.
The bombardier beetle is heavily wounded.
Aiming: Freeze (safe; 4% risk of failure)
Press: ? - help, Q - select action, (/) - cycle Shift-Dir - straight line, f/p - bombardier beetle
Aim: a bombardier beetle (heavily wounded)
You freeze the bombardier beetle.
The bombardier beetle is heavily wounded.
The bombardier beetle sprays incendiary fluid at you.
The burning spray hits you.
You are covered in liquid fire!
You shake off some of the fire as you move.
The liquid fire burns you!
You shake off some of the fire as you move.
The liquid fire burns you!
You shake off the liquid fire.
The bombardier beetle sprays incendiary fluid at you.
The burning spray hits you.
You are covered in liquid fire!
You shake off some of the fire as you move.
The liquid fire burns you!
The bombardier beetle sprays incendiary fluid at you.
The burning spray hits you.
You are even more covered in liquid fire!
You shake off some of the fire as you move.
The liquid fire burns you!
You shake off some of the fire as you move.
The liquid fire burns you!
* * * LOW HITPOINT WARNING * * *
The bombardier beetle sprays incendiary fluid at you.
The burning spray misses you.
You shake off some of the fire as you move.
The liquid fire burns you!
You die...

# #.#.........### ##.
####
#.##..........#...
...###.##.##..####.#.#
##...........###.....#
##########.## #.....#
#.####.....###
#.#...........
#.#...B.......
#.....@._.....
###...........
#...........
####.....### #.....#
#.....# ##...## ...#


You could see a bombardier beetle.

Vanquished Creatures
  2 adders (D:2)
  2 dart slugs
  3 ball pythons
  5 endoplasms
  A giant cockroach (D:2)
  3 goblins
  A hobgoblin (D:3)
  5 quokkas
  4 bats
  2 frilled lizards
  3 kobolds
  3 rats
34 creatures vanquished.

Notes
Turn   | Place    | Note
-------+----------+-------------------------------------------
     0 | D:1      | Twinkles the Mummy Ice Elementalist began the quest for the
                  | Orb.
     0 | D:1      | Reached XP level 1. HP: 13/13 MP: 4/4
    23 | D:1      | HP: 4/13 [goblin/+0 dagger (4)]
   210 | D:1      | Found Reoqom's Weapon Shop.
   258 | D:1      | Reached skill level 3 in Spellcasting
   316 | D:1      | Reached XP level 2. HP: 20/20 MP: 6/6
   915 | D:2      | Reached skill level 1 in Fighting
  1014 | D:2      | Reached XP level 3. HP: 25/26 MP: 4/8
  1350 | D:2      | Reached skill level 4 in Spellcasting
  1794 | D:3      | Got the Annotations on Syndicated Congelation
  1885 | D:3      | Found a snail-covered altar of Cheibriados.
  1900 | D:3      | HP: 9/26 [burnt (4)]
  1902 | D:3      | Incinerated by a bombardier beetle

Illustrated notes

Levels and vault maps discovered:
D:1:      enne_arrival_octagon_isle, layout_loops_ring, serial_shops, shop,
          chequers_mini_garden
D:2:      layout_loops_ring, serial_bayou_pond_b
D:3:      layout_loops_cross, slow_altar_1, roderic_lattice_a,
          patterned_corridor

Skill      XL: |  1  2  3 |
---------------+----------+-----
Spellcasting   | 3 4 |  4.1
Fighting       | 1 |  1.4
Dodging        | 2 |  2.1
Stealth        | |  1.5
Ice Magic      | |  3.2

Action                     || total
---------------------------++-------
  Melee: Short sword       ||    72
   Cast: Freeze            ||    32
   Stab: Sleeping          ||     5
 Armour: Robe              ||    50
  Dodge: Dodged            ||    48

Table legend: (Time is in decaauts)
 A = Elapsed time spent in this place.
 B = Non-inter-level travel time spent in this place.
 C = Inter-level travel time spent in this place.
 D = Time resting spent in this place.
 E = Time spent auto-exploring this place.
 F = Levels seen in this place.
 G = Mean time per level.
                   A        B        C        D        E       F      G
               +--------+--------+--------+--------+--------+-----+--------+
         Total |   1900 |   1878 |     22 |      0 |   1542 |   3 |  633.3 |
       Dungeon |   1900 |   1878 |     22 |      0 |   1542 |   3 |  633.3 |
               +--------+--------+--------+--------+--------+-----+--------+

Top non-repeatable levels by time:
     D:1: 863 daAuts
     D:2: 797 daAuts
     D:3: 239 daAuts
